 Dungeon Crawl Stone Soup version 0.31-a0-700-gf13585253f (webtiles) character file.

Game seed: 12176973232308337761

5665 qw the Skirmisher (level 10, -6/64 HPs)
             Began as a Gargoyle Hunter on Sept 7, 2023.
             Was a Follower of Okawaru.
             Shot with an arrow by a centaur (10 damage)
             ... on level 10 of the Dungeon.
             The game lasted 00:03:03 (8325 turns).

qw the Skirmisher (Gargoyle Hunter)                 Turns: 8325, Time: 00:03:04

Health: -6/64      AC: 15    Str: 14    XL:     10   Next: 75%
Magic:  13/13      EV: 17    Int: 11    God:    Okawaru [*.....]
Gold:   453        SH:  0    Dex: 17    Spells: 9/9 levels left

rFire   + . .        Y - +1 orcbow (freeze)
rCold   . . .        (shield currently unavailable)
rNeg    + . .        n - +0 steam dragon scales
rPois   inf          d - +0 helmet
rElec   +            (no cloak)
rCorr   .            (no gloves)
SInv    +            (no boots)
Will    .....        (no amulet)
Stlth   +++          m - ring of protection from fire
HPRegen 0.30/turn    i - ring of see invisible
MPRegen 0.13/turn

%: no passive effects
@: heroic, slowed, very slow
A: sickness immunity, AC +7, negative energy resistance 1, electricity
resistance, torment resistance 1, petrification resistance
a: Renounce Religion, Heroism


You were on level 10 of the Dungeon.
You worshipped Okawaru.
Okawaru was aware of your devotion.
You visited 2 branches of the dungeon, and saw 11 of its levels.

You collected 453 gold pieces.


Innate Abilities, Weirdness & Mutations

You are immune to sickness and miasma.
Your stone body is resilient. (AC +7)
You are immune to poison.
You resist negative energy. (rN+)
You are resistant to electric shocks. (rElec)
You are resistant to unholy torment.
You are immune to petrification.


   Skills:
 - Level 8.0(13.0) Fighting
 + Level 12.9(17.9) Ranged Weapons
 - Level 3.0(8.0) Armour
 - Level 4.0(9.0) Dodging
 - Level 1.1(6.1) Stealth
 - Level 4.1 Invocations


You had 9 spell levels left.
You didn't know any spells.
Your spell library was empty.

Inventory:

Hand Weapons
 Y - a +1 orcbow of freezing (weapon)
Armour
 d - a +0 helmet (worn)
 n - +0 steam dragon scales (worn)
Jewellery
 h - a ring of resist corrosion
 i - a ring of see invisible (right hand)
 j - a ring of fire
 m - a ring of protection from fire (left hand)
 p - a ring of resist corrosion
Scrolls
 b - a scroll of identify
Potions
 e - a potion of might
 f - 2 potions of enlightenment
 g - a potion of curing
 l - a potion of mutation {unknown}
 o - a potion of attraction {unknown}

Dungeon Overview and Level Annotations

Branches:
Dungeon (10/15)            Temple (1/1) D:6             Orc (0/2) D:9
   Lair: D:8-11

Altars:
Ashenzari
Cheibriados
Dithmenos
Elyvilon
Fedhas
Gozag
Hepliaklqana
Kikubaaqudgha
Makhleb
Nemelex Xobeh
Okawaru
Qazlal
Ru
Sif Muna
Trog
Uskayaw
Vehumet
Wu Jian
Xom
Yredelemnul
Zin
The Shining One

Annotations:
D:3 1 runed translucent door, Crazy Yiuf
D:6 3 runed translucent doors, qw's ghost, novice GrHu
D:8 2 runed translucent doors, qw's ghost, novice GrHs


Message History

You kill the killer bee!
Okawaru accepts your kill.
You shoot an arrow. The arrow hits the two-headed ogre!
The arrow freezes the two-headed ogre.
The two-headed ogre is moderately wounded.
The two-headed ogre hits you with a +0 giant club!!
The two-headed ogre completely misses you.
You shoot an arrow. The arrow hits the two-headed ogre!
The arrow freezes the two-headed ogre.
The two-headed ogre is severely wounded.
The kobold demonologist begins to cast a cantrip, but forgets the words!
The two-headed ogre completely misses you.
The two-headed ogre hits you with a +0 giant spiked club!!
You shoot an arrow.
The arrow barely misses the two-headed ogre.
The arrow hits the troll!!
The arrow freezes the troll.
You kill the troll!
Okawaru accepts your kill.
The troll leather armour is intact enough to wear.
The kobold demonologist casts a spell.
Something shouts, "Turn tail, thou dankish flap-mouthed lewdster!"
You shoot an arrow. The arrow hits the two-headed ogre!
The arrow freezes the two-headed ogre.
The two-headed ogre is almost dead.
The two-headed ogre misses you. The two-headed ogre closely misses you.
You shoot an arrow.
The arrow hits the two-headed ogre but does no damage.
The two-headed ogre is almost dead.
You hear a shout!
The howler monkey hoots and howls with incredible vigour!
The two-headed ogre hits you with a +0 giant club!
The two-headed ogre hits you with a +0 giant spiked club.
You hear a shout!
You shoot an arrow. The arrow hits the two-headed ogre!!
The arrow freezes the two-headed ogre.
You kill the two-headed ogre!
Okawaru accepts your kill.
The centaur wields a +0 shortbow.
The centaur shoots an arrow.
The arrow hits you!
You die...

#........#....+ .
...##........#...(#
.............#....# #
#######.####'##'###...
#.# #.#
#.####........... ..
.W #....#...######..
#.#. #....#...#
#5WK##....#...#
#h)@....#....
#c##....###### #.
#....# Tz #....# #.#
#....# ## #....#
#.##.# #.. .#


You could see a kobold demonologist, a shadow (invisible), a centaur, a howler
monkey (catching breath) and a crimson imp (summoned).

Vanquished Creatures
  A two-headed ogre (D:10)
  A troll (D:10)
  Prince Ribbit (D:6)
  A wraith (D:10)
  6 yaks (D:9)
  7 steam dragons
  Menkaure (D:4)
  A water moccasin (D:7)
  4 orc warriors
  A sky beast (D:8)
  An ice beast (D:6)
  An ogre (D:5)
  A black bear (D:6)
  3 centaurs
  3 phantoms
  3 bullfrogs (D:7)
  2 kobold brigands (D:9)
  Blork the orc (D:4)
  3 scorpions
  A wight (D:10)
  8 killer bees
  5 howler monkeys
  6 orc priests
  4 hounds
  A gnoll bouda (D:9)
  2 sleepcaps
  An iguana (D:5)
  8 orc wizards
  5 gnolls (D:9)
  5 adders
  A shadow imp (D:5)
  2 white imps
  An ufetubus (D:6)
  3 dart slugs
  26 orcs
  6 ball pythons
  9 bats
  7 endoplasms
  A giant cockroach (D:2)
  4 goblins
  6 hobgoblins
  A quokka (D:3)
  3 frilled lizards
  14 kobolds
  3 rats (D:1)
175 creatures vanquished.

Notes
Turn   | Place    | Note
-------+----------+-------------------------------------------
     0 | D:1      | qw the Gargoyle Hunter began the quest for the Orb.
     0 | D:1      | Reached XP level 1. HP: 12/12 MP: 1/1
     0 | D:1      | 0 ||| qw: Version: 0.3-a-76-g4403597
     0 | D:1      | 0 ||| qw: Game counter: 575
     0 | D:1      | 0 ||| qw: Melee chars always use a shield: true
     0 | D:1      | 0 ||| qw: God list: Okawaru
     0 | D:1      | 0 ||| qw: Allow faded altars: false
     0 | D:1      | 0 ||| qw: Do Orc after clearing Dungeon:15 true
     0 | D:1      | 0 ||| qw: Do second Lair branch before Depths: true
     0 | D:1      | 0 ||| qw: Lair rune preference: random
     0 | D:1      | 0 ||| qw: Goals: Normal
     0 | D:1      | 0 ||| PLANNING D:1-11
   231 | D:1      | Reached XP level 2. HP: 16/17 MP: 2/2
   622 | D:1      | 622 ||| UPGRADING to +0 helmet.
   627 | D:1      | 627 ||| DROPPING ring of magical power.
   628 | D:1      | 628 ||| UPGRADING to ring of protection from fire.
   629 | D:1      | 629 ||| READING scroll labelled PEMONY NINK.
   630 | D:1      | 630 ||| READING scroll labelled WEMIMNAPENG.
   631 | D:1      | 631 ||| READING scroll labelled CISAGA ASSU.
   632 | D:1      | 632 ||| READING scroll labelled OZXETU UDIEPEP.
   633 | D:1      | 633 ||| READING scroll labelled UZU VALALICUSM.
   634 | D:1      | 634 ||| DROPPING scroll of butterflies.
   680 | D:2      | Reached skill level 5 in Ranged Weapons
   680 | D:2      | Reached XP level 3. HP: 21/21 MP: 3/3
   706 | D:2      | Found a faded altar of an unknown god.
   995 | D:2      | Reached skill level 3 in Fighting
  1088 | D:2      | 1088 ||| UPGRADING to +0 ring mail.
  1098 | D:2      | 1098 ||| DROPPING +0 leather armour.
  1099 | D:2      | 1099 ||| READING scroll labelled QIGHUD YN PEPH.
  1100 | D:2      | 1100 ||| READING scroll labelled DIJETOTETT.
  1101 | D:2      | 1101 ||| DRINKING 2 sedimented yellow potions.
  1159 | D:3      | Found a runed translucent door.
  1160 | D:3      | Noticed Crazy Yiuf
  1162 | D:3      | Reached XP level 4. HP: 28/28 MP: 4/4
  1181 | D:3      | Reached skill level 1 in Armour
  1634 | D:3      | Found a snail-covered altar of Cheibriados.
  1717 | D:3      | Found a glowing silver altar of Zin.
  1978 | D:3      | 1978 ||| READING scroll labelled AXUYTEBB XOTITH.
  1979 | D:3      | 1979 ||| READING scroll labelled OSSAYDA ASOPLI.
  1980 | D:3      | 1980 ||| DRINKING 2 inky potions.
  1981 | D:3      | 1981 ||| DROPPING potion of magic.
  2030 | D:4      | Noticed a scorpion
  2035 | D:4      | Killed a scorpion
  2036 | D:4      | Reached XP level 5. HP: 28/32 MP: 5/5
  2134 | D:4      | Reached skill level 6 in Ranged Weapons
  2148 | D:4      | Found a burning altar of Makhleb.
  2217 | D:4      | Noticed Menkaure
  2223 | D:4      | Killed Menkaure
  2224 | D:4      | Reached XP level 6. HP: 40/40 MP: 6/6
  2371 | D:4      | Noticed Blork the orc
  2372 | D:4      | 2372 ||| Stepping ~*~*~tactically~*~*~ (outnumbered).
  2376 | D:4      | 2376 ||| Stepping ~*~*~tactically~*~*~ (outnumbered).
  2380 | D:4      | Killed Blork the orc
  2381 | D:4      | Reached skill level 7 in Ranged Weapons
  2381 | D:4      | Reached XP level 7. HP: 44/44 MP: 7/7
  2392 | D:4      | Found a shadowy altar of Dithmenos.
  2475 | D:4      | 2475 ||| READING scroll of enchant weapon.
  2475 | D:4      | 2475 ||| ENCHANTING +1 shortbow of flaming.
  2716 | D:4      | 2716 ||| READING 3 scrolls of identify.
  2716 | D:4      | 2716 ||| IDENTIFYING silvery potion
  2717 | D:4      | 2717 ||| READING 2 scrolls of identify.
  2717 | D:4      | 2717 ||| IDENTIFYING fizzy dark potion
  2718 | D:4      | 2718 ||| DROPPING potion of invisibility.
  2736 | D:5      | Entered Level 5 of the Dungeon
  2955 | D:5      | Reached skill level 8 in Ranged Weapons
  3032 | D:5      | Found a sacrificial altar of Ru.
  3401 | D:5      | Reached XP level 8. HP: 37/50 MP: 8/8
  3541 | D:5      | 3541 ||| UPGRADING to ring of see invisible.
  3542 | D:5      | 3542 ||| READING scroll labelled YDODIW ADEOLUHIH.
  3543 | D:5      | 3543 ||| READING scroll labelled XEIWAL ZODEPNE.
  3544 | D:5      | 3544 ||| READING 2 scrolls of identify.
  3544 | D:5      | 3544 ||| IDENTIFYING murky yellow potion
  3592 | D:6      | 3592 ||| STAIRDANCE
  3649 | D:6      | 3649 ||| STAIRDANCE
  3720 | D:6      | 3720 ||| STAIRDANCE
  3825 | D:6      | Found a staircase to the Ecumenical Temple.
  3826 | D:6      | 3826 ||| PLANNING TEMPLE
  3826 | D:6      | 3826 ||| SWAPPING to +0 orcbow.
  3831 | D:6      | 3831 ||| DROPPING +2 shortbow of flaming.
  3840 | Temple   | Entered the Ecumenical Temple
  3841 | Temple   | 3841 ||| PLANNING D:1-11
  3882 | D:6      | Noticed Prince Ribbit
  3895 | D:6      | HP: 11/50 [Prince Ribbit (14)]
  3896 | D:6      | 3896 ||| DRINKING 2 potions of heal wounds.
  3897 | D:6      | Killed Prince Ribbit
  3898 | D:6      | Reached skill level 9 in Ranged Weapons
  4107 | D:6      | Reached skill level 6 in Fighting
  4136 | D:6      | Found a runed translucent gate.
  4136 | D:6      | Found a runed translucent gate.
  4136 | D:6      | Found a runed translucent gate.
  4137 | D:6      | Noticed qw's ghost (novice GrHu)
  4433 | D:6      | Reached skill level 10 in Ranged Weapons
  4772 | D:6      | 4772 ||| DRINKING 2 murky black potions.
  4773 | D:6      | 4773 ||| READING 2 scrolls of identify.
  4773 | D:6      | 4773 ||| IDENTIFYING emerald potion
  4774 | D:6      | 4774 ||| DROPPING potion of degeneration.
  4782 | D:7      | Found a blossoming altar of Fedhas.
  4795 | D:7      | HP: 11/51 [steam dragon (9)]
  4796 | D:7      | 4796 ||| DRINKING potion of heal wounds.
  4798 | D:7      | Reached XP level 9. HP: 30/56 MP: 9/9
  4798 | D:7      | 4798 ||| STAIRDANCE
  4920 | D:7      | 4920 ||| READING scroll of enchant weapon.
  4920 | D:7      | 4920 ||| ENCHANTING +0 orcbow.
  5062 | D:7      | Found a white marble altar of Elyvilon.
  5233 | D:7      | 5233 ||| Stepping ~*~*~tactically~*~*~ (retreating).
  5254 | D:7      | HP: 14/57 [water moccasin (3)]
  5465 | D:7      | 5465 ||| READING scroll of brand weapon.
  5465 | D:7      | 5465 ||| BRANDING +1 orcbow.
  5530 | D:7      | Reached skill level 11 in Ranged Weapons
  5655 | D:7      | 5655 ||| UPGRADING to +0 steam dragon scales.
  5665 | D:7      | 5665 ||| DROPPING +0 ring mail.
  5749 | D:8      | Reached skill level 3 in Dodging
  6118 | D:8      | Found an iron altar of Okawaru.
  6119 | D:8      | 6119 ||| PLANNING OKAWARU WORSHIP
  6123 | D:8      | Became a worshipper of Warmaster Okawaru
  6124 | D:8      | 6124 ||| PLANNING D:1-11
  6133 | D:8      | 6133 ||| Stepping ~*~*~tactically~*~*~ (outnumbered).
  6295 | D:8      | Found a large runed translucent door.
  6297 | D:8      | Found a large runed translucent door.
  6300 | D:8      | Noticed qw's ghost (novice GrHs)
  6710 | D:9      | 6710 ||| RETREATING.
  6724 | D:9      | Reached XP level 10. HP: 61/64 MP: 10/10
  6730 | D:9      | Reached * piety under Okawaru
  6731 | D:9      | Reached skill level 12 in Ranged Weapons
  6731 | D:9      | 6731 ||| INVOKING Heroism.
  6733 | D:9      | HP: 15/64 [yak (7)]
  6734 | D:9      | 6734 ||| DRINKING potion of heal wounds.
  6740 | D:9      | Reached skill level 1 in Invocations
  6740 | D:9      | 6740 ||| FLEEEEING.
  6742 | D:9      | HP: 8/64 [yak (10)]
  6744 | D:9      | 6744 ||| INVOKING Heroism.
  6749 | D:9      | Reached skill level 3 in Armour
  6750 | D:9      | HP: 4/64 [orc warrior/+0 halberd (1)]
  6955 | D:9      | Found a staircase to the Orcish Mines.
  6980 | D:9      | 6980 ||| FLEEEEING.
  6987 | D:9      | 6987 ||| STAIRDANCE
  7234 | D:9      | 7234 ||| INVOKING Heroism.
  7269 | D:9      | 7269 ||| Stepping ~*~*~tactically~*~*~ (retreating).
  7272 | D:9      | Reached skill level 3 in Invocations
  7354 | D:9      | 7354 ||| INVOKING Heroism.
  7378 | D:9      | Found a broken altar of Ashenzari.
  7380 | D:9      | Found an ancient bone altar of Kikubaaqudgha.
  7383 | D:9      | Found a sparkling altar of Nemelex Xobeh.
  7459 | D:9      | 7459 ||| INVOKING Heroism.
  7520 | D:9      | 7520 ||| INVOKING Heroism.
  7564 | D:9      | 7564 ||| INVOKING Heroism.
  7702 | D:9      | 7702 ||| INVOKING Heroism.
  7959 | D:9      | 7959 ||| READING scroll labelled BOJIEL ZUUBA.
  7960 | D:9      | 7960 ||| READING scroll labelled QIOT PUADOONNE.
  8061 | D:9      | 8061 ||| READING 2 scrolls of identify.
  8061 | D:9      | 8061 ||| IDENTIFYING grey potion
  8062 | D:9      | 8062 ||| DROPPING potion of brilliance.
  8099 | D:10     | Entered Level 10 of the Dungeon
  8102 | D:10     | 8102 ||| STAIRDANCE
  8109 | D:10     | 8109 ||| STAIRDANCE
  8116 | D:10     | 8116 ||| STAIRDANCE
  8215 | D:10     | 8215 ||| STAIRDANCE
  8300 | D:10     | 8300 ||| INVOKING Heroism.
  8301 | D:10     | Noticed a two-headed ogre
  8302 | D:10     | 8302 ||| RETREATING.
  8309 | D:10     | Noticed a tengu warrior
  8312 | D:10     | Noticed a kobold demonologist
  8321 | D:10     | HP: 14/64 [two-headed ogre/+0 giant club (23)]
  8324 | D:10     | HP: 4/64 [two-headed ogre/+0 giant club (4)]
  8325 | D:10     | Killed a two-headed ogre
  8325 | D:10     | Shot with an arrow by a centaur

Levels and vault maps discovered:
D:1:      spicycebolla_green_bress_n_ham_2, layout_basic, serial_bayou_ford_a,
          interstate_on_off
D:2:      layout_rooms, basic_ecumenical_altar, hangedman_decor_peaks_small
D:3:      layout_basic, kennysheep_slug_shrine, zin_statuary, serial_bayou,
          serial_bayou_crossing, serial_bayou_pond_d, serial_bayou_pond_c,
          serial_bayou_lagoon_a, wad_floor_pattern_untrapped,
          minmay_misc_feat_chi, due_unseen_surprise, uniq_crazy_yiuf_cottage
D:4:      layout_loops_ring, mainiacjoe_overflow_boulevard, bloody_makhleb,
          kennysheep_generic_room_16, uniq_blork_the_orc, uniq_menkaure
D:5:      layout_loops_ring, nicolae_ru_path_of_blood
D:6:      layout_loops_ring, minmay_temple_entry_proselytizer,
          ebering_ghost_rock_garden, roderic_malta_cross, uniq_prince_ribbit1
D:7:      layout_gridville, fedhas_altar_2, mainiacjoe_overflow_alcove_2
D:8:      layout_cave_pods, kennysheep_little_box, ebering_ghost_disaster_area
D:9:      cheibrodos_steamvent, layout_loops_ring,
          grunt_temple_overflow_diamond, david_orc_3
D:10:     minmay_the_grid_3x3 [minmay_the_grid_tiny_cups, minmay_the_grid_doors,
          minmay_the_grid_minigrid_large, minmay_the_grid_tree,
          minmay_the_grid_minigrid_small_alt, minmay_the_grid_large_cup,
          minmay_the_grid_all_tris, minmay_the_grid_dragon_a,
          minmay_the_grid_prize_diamond_cup], layout_stronghold,
          nicolae_underground_beach
Temple:   jpeg_temple_clearing

Skill      XL: |  1  2  3  4  5  6  7  8  9 10 |
---------------+-------------------------------+-----
Ranged Weapons | 5 6 7 8 10 11 12 | 12.9
Fighting       | 3 4 5 6 8 |  8.0
Armour         | 1 2 3 |  3.0
Dodging        | 2 3 4 |  4.0
Invocations    | 4 |  4.1
Stealth        | |  1.1

Action                     |  1- 3 |  4- 6 |  7- 9 | 10-12 || total
---------------------------+-------+-------+-------+-------++-------
   Fire: Shortbow          |    60 |   112 |    92 |       ||   264
         Orcbow            |       |       |   202 |   190 ||   392
 Invoke: Heroism           |       |       |       |     9 ||     9
    Use: Scroll            |     7 |     2 |     9 |     3 ||    21
         Potion            |     1 |     1 |     3 |     1 ||     6
 Armour: Leather armour    |    11 |       |       |       ||    11
         Ring mail         |     2 |    44 |   126 |       ||   172
         Steam dragon scal |       |       |     9 |    56 ||    65
  Dodge: Dodged            |    14 |    29 |    66 |    72 ||   181

Table legend:
 A = Non-vault XP
 B = Vault XP
 C = Vault XP percentage of total XP
 D = Non-vault monster count
 E = Vault monster count
 F = Vault count percentage of total count
                 A         B        C        D         E       F
            +---------+---------+-------+---------+---------+-------
      Total |    6953 |    1967 |  22.1 |     156 |      19 |  10.9
            +---------+---------+-------+---------+---------+-------
        D:1 |      25 |       0 |   0.0 |      16 |       0 |   0.0
        D:2 |      53 |       0 |   0.0 |      10 |       0 |   0.0
        D:3 |      53 |       4 |   7.0 |      20 |       1 |   4.8
        D:4 |     372 |     263 |  41.4 |      13 |       4 |  23.5
        D:5 |     526 |       0 |   0.0 |      12 |       0 |   0.0
        D:6 |     688 |     305 |  30.7 |      11 |       2 |  15.4
        D:7 |    1138 |       0 |   0.0 |      15 |       0 |   0.0
        D:8 |     742 |       0 |   0.0 |      14 |       0 |   0.0
        D:9 |    2452 |     753 |  23.5 |      42 |       8 |  16.0
       D:10 |     904 |     642 |  41.5 |       3 |       4 |  57.1
            +---------+---------+-------+---------+---------+-------
